 Dungeon Crawl Stone Soup version 0.29-a0-839-g4793fd635e (webtiles) character file.

Game seed: 9453488882452499275

9 BritishOli the Trooper (level 2, 24/24 HPs)
             Began as a Demonspawn Fighter on July 14, 2022.
             Got out of the dungeon alive.
             The game lasted 00:00:28 (332 turns).

BritishOli the Trooper (Demonspawn Fighter)          Turns: 332, Time: 00:00:29

Health: 24/24      AC:  6    Str: 16    XL:     2   Next: 6%
Magic:  2/2        EV:  8    Int: 11    God:
Gold:   30         SH:  4    Dex: 12    Spells: 1/1 levels left

rFire   . . .      SeeInvis .   a - +0 long sword
rCold   . . .      Faith    .   c - +0 buckler
rNeg    . . .      Spirit   .   b - +0 scale mail
rPois   .          Reflect  .   (no helmet)
rElec   .          Harm     .   (no cloak)
rCorr   .          Rampage  .   (no gloves)
Will    .....                   (no boots)
Stlth   ..........              (no amulet)
HPRegen 0.08/turn               (no ring)
MPRegen 0.08/turn               (no ring)

@: no status effects
A: big brain 1
a: no special abilities


You escaped.
You visited 1 branch of the dungeon, and saw 1 of its levels.

You collected 30 gold pieces.

Inventory:

Hand Weapons
 a - a +0 long sword (weapon)
Armour
 b - a +0 scale mail (worn)
 c - a +0 buckler (worn)
Potions
 d - a potion of might
 e - a potion of attraction {unknown}


   Skills:
 + Level 3.1 Fighting
 + Level 2.0 Long Blades
 + Level 2.8 Armour
 + Level 2.8 Shields


You had one spell level left.
You didn't know any spells.
Your spell library was empty.

Dungeon Overview and Level Annotations

Branches:
Dungeon (1/15)

Altars:


Innate Abilities, Weirdness & Mutations

You have an unusually large brain. (Int +2)


Message History

A kobold comes into view. It is wielding a +0 whip.
Found a scroll labelled MUMPACH WUFF.
The kobold shouts!
You hear a shout!
A hobgoblin comes into view.
The kobold throws a stone.
You block the stone.
There are monsters nearby!
There are monsters nearby!
You block the kobold's attack.
There are monsters nearby!
You closely miss the kobold. You block the kobold's attack.
You closely miss the kobold. The kobold hits you with a +0 whip.
The kobold barely misses you.
There are monsters nearby!
You hit the kobold.
The kobold is moderately wounded.
The kobold barely misses you.
There are monsters nearby!
You closely miss the kobold.
The kobold is moderately wounded.
The kobold barely misses you. x2
There are monsters nearby!
You hit the kobold.
You kill the kobold!
You have reached level 2!
Your demonic ancestry asserts itself...
Your brain expands.
You slash the hobgoblin!
You kill the hobgoblin!
No target in view!
No target in view!
Found 8 gold pieces.
You see here a +0 leather armour.
You see here a rat skeleton.
Found 3 gold pieces.
There is a staircase leading out of the dungeon here.
(D) Dungeon
Where to? (Enter - D:1 @ (x,y), ? - help)
Okay, then.
Are you sure you want to leave the Dungeon?
This will make you lose the game!
You have escaped!

##### $######.#.#
....$ ......(....
.....
##≈≈≈≈≈≈≈###
##### #.
#≈≈≈≈≈≈≈≈≈≈#
#.###≈≈≈≈≈≈≈≈≈≈#
#...#≈≈≈≈...≈≈≈#
##..##≈≈≈≈≈....≈#
#...##≈.......≈≈#
#.#.##....@..≈≈≈#
#.#...........≈≈#
####
#.#...........###
...#
#.#.#####.#####
.#÷####.#.# #.#
.#........#####.#
................#
........#########
#########


There were no monsters in sight!

Vanquished Creatures
  2 bats (D:1)
  2 hobgoblins (D:1)
  2 kobolds (D:1)
  A ball python (D:1)
  A frilled lizard (D:1)
  2 rats (D:1)
10 creatures vanquished.

Notes
Turn   | Place    | Note
-------+----------+-------------------------------------------
     0 | D:1      | BritishOli the Demonspawn Fighter began the quest for the
                  | Orb.
     0 | D:1      | Reached XP level 1. HP: 18/18 MP: 1/1
   261 | D:1      | Gained mutation: You have an unusually large brain. (Int
                  | +2) [demonic ancestry]
   261 | D:1      | Reached XP level 2. HP: 21/24 MP: 2/2
   332 | D:$      | Got out of the dungeon alive.

Illustrated notes

Levels and vault maps discovered:
D:1:      dpeg_arrival_pond, layout_loops_ring, nicolae_ecumenical_lake_church,
          grunt_decor_cap, st_stairs_12

Skill      XL: |  1 |
---------------+----+-----
Long Blades    | 2 |  2.0
Fighting       | |  3.1
Armour         | |  2.8
Shields        | |  2.8

Action                   || total
-------------------------++-------
Melee: Long sword        ||    30
Armor: Scale mail        ||    15
Dodge: Dodged            ||    23
Block: Buckler           ||    12

Table legend: (Time is in decaauts)
 A = Elapsed time spent in this place.
 B = Non-inter-level travel time spent in this place.
 C = Inter-level travel time spent in this place.
 D = Time resting spent in this place.
 E = Time spent auto-exploring this place.
 F = Levels seen in this place.
 G = Mean time per level.
                   A        B        C        D        E       F      G
               +--------+--------+--------+--------+--------+-----+--------+
         Total |    342 |    273 |     69 |      0 |    212 |   1 |  342.0 |
       Dungeon |    342 |    273 |     69 |      0 |    212 |   1 |  342.0 |
               +--------+--------+--------+--------+--------+-----+--------+

Top non-repeatable levels by time:
     D:1: 342 daAuts
